 Dungeon Crawl Stone Soup version 0.28.0-1-gb440e238dd (webtiles) character file.

Game seed: 16369261952661839274

57 issech the Cudgeller (level 3, -10/36 HPs)
             Began as a Troll Monk on Feb 19, 2022.
             Mangled by Jessica (12 damage)
             ... on level 2 of the Dungeon.
             The game lasted 00:02:27 (1570 turns).

issech the Cudgeller (Troll Monk)                   Turns: 1570, Time: 00:02:28

Health: -10/36     AC:  4    Str: 19    XL:     3   Next: 73%
Magic:  2/2        EV: 10    Int:  6    God:
Gold:   61         SH:  0    Dex: 14    Spells: 2/2 levels left

rFire   . . .      SeeInvis .   a - +0 mace
rCold   . . .      Faith    .   (no shield)
rNeg    . . .      Spirit   .   b - +0 robe
rPois   .          Reflect  .   (helmet restricted)
rElec   .          Harm     .   (no cloak)
rCorr   .          Rampage  .   (gloves unavailable)
Will    .....                   (boots unavailable)
Stlth   ++........              (no amulet)
HPRegen 0.92/turn               (no ring)
MPRegen 0.08/turn               (no ring)

@: slowed, very slow
A: large, unfitting armour, claws 3, regeneration 1, shaggy fur 1, tough skin 1
a: no special abilities


You were on level 2 of the Dungeon.
You visited 1 branch of the dungeon, and saw 2 of its levels.

You collected 61 gold pieces.

Inventory:

Hand Weapons
 a - a +0 mace (weapon)
 i - a +0 hunting sling
Missiles
 g - 22 stones (quivered)
 h - 12 sling bullets
Armour
 b - a +0 robe (worn)
Scrolls
 f - a scroll of fog {unknown}
Potions
 c - a potion of flight {unknown}
 d - a potion of magic {unknown}
 e - a potion of mutation {unknown}


   Skills:
 + Level 2.7 Fighting
 + Level 3.4 Maces & Flails
 + Level 2.8 Dodging
 + Level 1.2 Stealth


You had 2 spell levels left.
You didn't know any spells.
Your spell library was empty.

Dungeon Overview and Level Annotations

Branches:
Dungeon (2/15)

Altars:
Cheibriados

Annotations:
D:2 Jessica


Innate Abilities, Weirdness & Mutations

You are too large for most types of armour.
You have claws for hands.
Your natural rate of healing is unusually fast.
You are covered in fur. (AC +1)
You have tough skin. (AC +1)


Message History

The jackal is moderately wounded.
The jackal bites you but does no damage.
The endoplasm hits you but does no damage.
The jackal barks!
You sock the endoplasm!
You kill the endoplasm!
The jackal bites you.
You hit the jackal.
You kill the jackal!
The jackal bites you.
You sock the jackal!
You kill the jackal!
You now have 61 gold pieces (gained 16).
Jessica is nearby!
Jessica barely misses you.
You hit Jessica but do no damage. Jessica gestures at you while chanting.
Pain shoots through your body! Jessica casts a spell at you.
You feel yourself slow down.
You hit Jessica.
Jessica is heavily wounded.
Jessica hits you with a +7 club.
Jessica gestures wildly while chanting.
Jessica seems to speed up.
You barely miss Jessica.
Jessica is heavily wounded.
Jessica gestures at you while chanting. Pain shoots through your body!
Jessica shouts, "You're disturbing me!
I'll have to kill you!" Jessica gestures at you while chanting.
Pain shoots through your body!
You barely miss Jessica.
Jessica is heavily wounded.
Jessica hits you with a +7 club!
* * * LOW HITPOINT WARNING * * *
Jessica hits you with a +7 club!
* * * LOW HITPOINT WARNING * * *
Jessica hits you with a +7 club!
You die...

### ...... ###.. .....
#.... .... #..####.#<.
....#..........).
#.#...#.##.##.##.
..######...##.. #.......
#......@.#....## #......
####@.# #...# #......
####.....# #..###......
....$....####....#......
.#####........##.#......
#...#...............###
#.<.#.............#...#
#.†.#........##.†####.#
#._)#...#....###.... .#
#...#...........###.# #


You could see Jessica (fast).

Vanquished Creatures
  3 adders (D:2)
  A dart slug (D:1)
  3 endoplasms
  A giant cockroach (D:1)
  6 goblins
  6 hobgoblins
  2 jackals (D:2)
  A ball python (D:1)
  A frilled lizard (D:1)
  A kobold (D:1)
  2 rats
27 creatures vanquished.

Notes
Turn   | Place    | Note
-------+----------+-------------------------------------------
     0 | D:1      | issech the Troll Monk began the quest for the Orb.
     0 | D:1      | Reached XP level 1. HP: 22/22 MP: 0/0
   542 | D:1      | Reached XP level 2. HP: 29/29 MP: 1/1
   766 | D:1      | Reached skill level 3 in Maces & Flails
  1210 | D:2      | Noticed Jessica
  1210 | D:2      | Found a faded altar of an unknown god.
  1470 | D:2      | Reached XP level 3. HP: 21/36 MP: 2/2
  1479 | D:2      | Found a snail-covered altar of Cheibriados.
  1570 | D:2      | Mangled by Jessica

Illustrated notes

Levels and vault maps discovered:
D:1:      lemuel_arrival_tunnels, layout_basic
D:2:      layout_rooms, nicolae_ecumenical_oubliette, basic_altar, uniq_jessica

Skill      XL: |  1  2 |
---------------+-------+-----
Maces & Flails | 3 |  3.4
Fighting       | |  2.7
Dodging        | |  2.8
Stealth        | |  1.2

Action                   || total
-------------------------++-------
Melee: Mace              ||    70
 Stab: Sleeping          ||     2
Armor: Robe              ||    22
Dodge: Dodged            ||    41
